 Dungeon Crawl Stone Soup version 0.20.1-1-g8b1a95d (webtiles) character file.

1872 Linguinho the Sneak (level 8, 0/87 HPs)
             Began as a Demonspawn Enchanter on Oct 31, 2017.
             Was a Follower of Ashenzari.
             Slain by an adder (3 damage)
             ... on level 7 of the Dungeon.
             The game lasted 00:27:37 (8227 turns).

Linguinho the Sneak (Demonspawn Enchanter)          Turns: 8227, Time: 00:27:39

Health: 0/87       AC: 24    Str: 13    XL:     8   Next: 91%
Magic:  14/14      EV:  2    Int: 17    God:    Ashenzari [*.....]
Gold:   254        SH:  0    Dex: 16    Spells: 9/15 levels left

rFire    . . .     SeeInvis .   g - +8 short sword (curse)
rCold    . . .     Gourm    .   (no shield)
rNeg     + + +     Faith    .   (armour currently unavailable)
rPois    +         Spirit   .   (helmet currently unavailable)
rElec    .         Reflect  .   (cloak currently unavailable)
rCorr    .         Harm     .   (gloves currently unavailable)
MR       .....     NoTele   +   (boots currently unavailable)
Stlth    +++.......             (no amulet)
Regen    0.3/turn               (no ring)
MPRegen  0.2/turn               (no ring)

@: mighty, lethally poisoned (0 -> -3), tree-form
A: demonic guardian 2, mutation resistance 1
a: Curse Item, Scrying, Renounce Religion


You were on level 7 of the Dungeon.
You worshipped Ashenzari.
Ashenzari was aware of your devotion.
You were not hungry.
You were a tree.
You visited 2 branches of the dungeon, and saw 8 of its levels.

You collected 254 gold pieces.

Inventory:

Hand Weapons
 a - a cursed +1 dagger
 g - a cursed +8 short sword (weapon)
 t - a +0 dagger of venom
Armour
 b - a +0 robe
 y - the +1 robe "Taquil" (melded) {rPois Dex+2 SInv}
   (You found it on level 4 of the Dungeon)

   It affects your dexterity (+2).
   It protects you from poison.
   It lets you see invisible.
Jewellery
 j - a +5 ring of protection
 n - a +3 ring of intelligence
Wands
 C - a wand of lightning (10/15)
 E - a wand of polymorph (14/24)
 F - a wand of disintegration (12/24)
 G - a wand of lightning (10/15)
Scrolls
 f - a scroll of noise {unknown}
 k - 2 scrolls of enchant armour {unknown}
 l - 2 scrolls of amnesia
 m - a scroll of fear {unknown}
 q - 2 scrolls of blinking {unknown}
 r - a scroll of magic mapping {unknown}
 u - a scroll of fog
 v - 3 scrolls of teleportation {unknown}
 w - a scroll of vulnerability {unknown}
 H - a scroll of remove curse
Potions
 e - a potion of haste {unknown}
 i - 2 potions of might
 o - 2 potions of lignification
 p - a potion of berserk rage {unknown}
 s - a potion of invisibility {unknown}
 x - 2 potions of mutation
 z - a potion of degeneration {unknown}
 B - a potion of flight {unknown}
 D - a potion of heal wounds {unknown}
Books
 c - a book of Maledictions

   Spells                             Type                      Level
   a - Corona                         Hexes                        1
   b - Ensorcelled Hibernation        Hexes/Ice                    2
   c - Confuse                        Hexes                        3
   d - Tukima's Dance                 Hexes                        3
   e - Dazzling Spray                 Conjuration/Hexes            3
Comestibles
 d - 3 meat rations
 h - 3 royal jellies
 A - 3 bread rations


   Skills:
 + Level 3.2 Fighting
 + Level 4.1 Short Blades
 + Level 3.9 Dodging
 + Level 6.4 Stealth
 + Level 4.3 Spellcasting
 + Level 5.4 Hexes
 + Level 2.5 Ice Magic


You had 9 spell levels left.
You knew the following spells:

 Your Spells              Type           Power        Failure   Level  Hunger
a - Corona                Hex            ###....      1%          1    None
b - Ensorcelled Hibernat  Hex/Ice        ###...       4%          2    ##.....
c - Confuse               Hex            ###.....     4%          3    ###....


Dungeon Overview and Level Annotations

Branches:
Dungeon (7/15)             Temple (1/1) D:4

Altars:
Ashenzari
Cheibriados
Dithmenos
Elyvilon
Fedhas
Kikubaaqudgha
Okawaru
Qazlal
Ru
Sif Muna
Uskayaw
Vehumet
Yredelemnul
The Shining One


Innate Abilities, Weirdness & Mutations

((You have a pair of antennae on your head.))
A demonic guardian rushes to your aid.
You are somewhat resistant to further mutation.


Message History

Your roots penetrate the ground.
The adder bites you.
* * * LOW HITPOINT WARNING * * *
You are lethally poisoned!
The adder poisons you! The ice beast barely misses you.
You closely miss the ice beast.
The ice beast is almost dead.
* * * LOW HITPOINT WARNING * * *
You feel sick. The adder bites you but does no damage.
The ice beast hits you but does no damage.
The adder bites you but does no damage.
You are too injured to fight recklessly!
You are too injured to fight recklessly!
You are too injured to fight recklessly!
It was a potion of mutation.
You feel extremely strange.
You feel genetically stable.
* * * LOW HITPOINT WARNING * * *
You feel sick.
The ice beast hits you but does no damage.
The adder bites you.
You die...

.# #.###.# #### .#
##.....##.....## †#
##..............# .#
..#..........[..... ##
#.#.(..............
#........>.........
##.###..............>...
...##............S......
####............♣Y......
.###...................#
...............##.....##
...............########
.................$.
###...........##....
#................
#.)..............
#.....)...##..)..


You could see an ice beast and an adder.

Vanquished Creatures
  Grinder (D:5)
  2 centaurs
  3 bullfrogs
  A scorpion (D:7)
  3 wights (D:6)
  The ghost of Linguinho the Vexing, a weakling DsEn (D:3)
  A crimson imp (D:5)
  2 hounds
  4 orc wizards
  2 orc priests
  Crazy Yiuf (D:5)
  A bullfrog skeleton (D:7)
  A worker ant (D:4)
  A hound skeleton (D:7)
  A hound zombie (D:5)
  2 worker ant zombies
  9 adders
  A gnoll (D:5)
  2 shadow imps
  3 worms
  4 dart slugs
  3 leopard geckos
  14 orcs
  3 ball pythons
  3 giant cockroaches
  6 goblins
  7 hobgoblins
  2 jackals (D:5)
  11 kobolds
  4 quokkas
  4 bats
  5 frilled lizards
  A leopard gecko skeleton (D:4)
  A quokka skeleton (D:4)
  A quokka zombie (D:5)
  6 rats
117 creatures vanquished.

Vanquished Creatures (collateral kills)
  The ghost of gungr the Transmogrifier, a novice OpTm of Okawaru (D:5)
  An ice beast (D:6)
  A black bear (D:5)
  An ogre (D:3)
  A phantom (D:7)
  6 wights
  An orc wizard (D:3)
  3 gnolls (D:5)
  An adder zombie (D:5)
  3 orcs (D:3)
19 creatures vanquished.

Grand Total: 136 creatures vanquished

Notes
Turn   | Place    | Note
-------+----------+-------------------------------------------
     0 | D:1      | Linguinho the Demonspawn Enchanter began the quest for the Orb.
     0 | D:1      | Reached XP level 1. HP: 13/13 MP: 3/3
   220 | D:1      | Reached skill level 1 in Short Blades
   290 | D:1      | Reached skill level 3 in Stealth
   622 | D:1      | Gained mutation: A weak demonic guardian rushes to your aid. [demonic ancestry]
   622 | D:1      | Reached XP level 2. HP: 8/19 MP: 1/5
   626 | D:1      | Learned a level 2 spell: Ensorcelled Hibernation
  1623 | D:1      | Gained mutation: You have a pair of small antennae on your head. [demonic ancestry]
  1623 | D:1      | Reached XP level 3. HP: 19/24 MP: 0/6
  1632 | D:1      | Learned a level 3 spell: Confuse
  2351 | D:3      | Gained mutation: A demonic guardian rushes to your aid. [demonic ancestry]
  2351 | D:3      | Reached XP level 4. HP: 3/30 MP: 1/7
  2962 | D:3      | Reached skill level 1 in Ice Magic
  2989 | D:3      | Gained mutation: You have a pair of antennae on your head. [demonic ancestry]
  2989 | D:3      | Reached XP level 5. HP: 36/36 MP: 8/8
  3004 | D:3      | Noticed Linguinho's ghost (weakling DsEn)
  3020 | D:3      | Killed Linguinho's ghost
  3020 | D:3      | Reached skill level 1 in Fighting
  3020 | D:3      | Reached skill level 4 in Stealth
  3392 | D:3      | Noticed an ogre
  3397 | D:3      | Killed an ogre
  3560 | D:3      | Reached XP level 6. HP: 26/43 MP: 6/9
  3970 | D:3      | Found a faded altar of an unknown god.
  4366 | D:4      | Got a heavy robe
  4377 | D:4      | Identified the +1 robe "Taquil" {rPois Dex+2 SInv} (You found it on level 4 of the Dungeon)
  4597 | D:4      | Found a staircase to the Ecumenical Temple.
  4705 | Temple   | Entered the Ecumenical Temple
  4764 | Temple   | Became a worshipper of Ashenzari the Shackled
  5226 | D:5      | Entered Level 5 of the Dungeon
  5246 | D:5      | Noticed gungr's ghost (novice OpTm)
  5297 | D:5      | Killed gungr's ghost
  5297 | D:5      | Reached skill level 5 in Stealth
  5297 | D:5      | Reached XP level 7. HP: 50/50 MP: 9/11
  5347 | D:5      | Noticed Grinder
  5357 | D:5      | Killed Grinder
  6282 | D:5      | Found a runed door.
  6475 | D:5      | Noticed Crazy Yiuf
  6483 | D:5      | Killed Crazy Yiuf
  6620 | D:6      | Reached XP level 8. HP: 31/57 MP: 7/13
  6812 | D:6      | Reached * piety under Ashenzari
  7016 | D:6      | Reached skill level 6 in Stealth
  7492 | D:7      | Reached skill level 5 in Hexes
  8226 | D:7      | HP: 4/87 [poisoned by an adder]
  8227 | D:7      | Gained mutation: You are somewhat resistant to further mutation. [potion of mutation]
  8227 | D:7      | Slain by an adder

Skill      XL: |  1  2  3  4  5  6  7  8 |
---------------+-------------------------+-----
Short Blades   | 1 2 3 4 |  4.1
Stealth        | 3 4 5 6 |  6.4
Dodging        | 2 3 |  3.9
Ice Magic      | 1 2 |  2.5
Fighting       | 1 2 3 |  3.2
Hexes          | 4 5 |  5.4
Spellcasting   | 3 4 |  4.3

Action                   |  1- 3 |  4- 6 |  7- 9 || total
-------------------------+-------+-------+-------++-------
Melee: Dagger            |   115 |    25 |       ||   140
       Short sword       |       |    93 |   141 ||   234
 Cast: Corona            |    14 |       |    13 ||    27
       Ensorcelled Hiber |    19 |    20 |    32 ||    71
       Confuse           |       |     1 |     2 ||     3
Invok: Curse Item        |       |     1 |     1 ||     2
  Use: Scroll            |       |    10 |       ||    10
       Potion            |       |     1 |     4 ||     5
 Stab: Sleeping          |    15 |    21 |    15 ||    51
       Distracted        |       |       |     2 ||     2
  Eat: Chunk             |     2 |    10 |     7 ||    19
       Bread ration      |     1 |       |       ||     1
       Meat ration       |       |       |     1 ||     1
Armor: Robe              |    17 |    10 |    26 ||    53
       Skin              |       |    21 |     6 ||    27
Dodge: Dodged            |    66 |    63 |   117 ||   246
